MWL (24 & UNDER)
LITTLE ROCK LEMMIWINKS @ PLUMSTEAD EAGLES
08/22/2028
 
TOP OF THE 1ST
Little Rock Lemmiwinks batting - Pitching for Plumstead Eagles : RHP Paul Orr
Pitching: RHP Paul Orr
Batting: RHB Álex Martínez 0-0: Ball
1-0: Swinging Strike
1-1: SINGLE (Groundball, 34D)
Batting: RHB James Hunter 0-0: Ball
1-0: Ball
2-0: Foul Ball, location: 2F
2-1: Ball
3-1: Called Strike
3-2: Strikes out looking
Throwing error on steal attempt, E2
Álex Martínez to third
Batting: RHB Bill Bourland 0-0: Ball
1-0: Ball
2-0: Ball
3-0: Called Strike
3-1: Foul Ball, location: 2F
3-2: Strikes out looking
Batting: RHB John Robertson 0-0: Called Strike
0-1: Fly out, F9 (Flyball, 9)
Top of the 1st over - 0 run(s), 1 hit(s), 1 error(s), 1 left on base; Little Rock 0 - Plumstead 0
BOTTOM OF THE 1ST
Plumstead Eagles batting - Pitching for Little Rock Lemmiwinks : RHP Dan Catron
Pitching: RHP Dan Catron
Batting: LHB Dennis McConnell 0-0: Called Strike
0-1: Ball
1-1: Ball
2-1: Ball
3-1: Base on Balls
Batting: RHB Diego Ledezma 0-0: SINGLE (Line Drive, 78S)
Dennis McConnell to second
Batting: LHB Roberto Rodríguez 0-0: Foul Ball, location: 2F
0-1: Ball
1-1: Called Strike
1-2: Ball
2-2: Foul Ball, location: 2F
2-2: Ball
3-2: Strikes out swinging
Batting: LHB Ryan Flynn 0-0: SINGLE (Line Drive, 8RS)
Dennis McConnell to third
Diego Ledezma to second
Batting: RHB Rob Brady 0-0: Ball
1-0: SINGLE (Flyball, 89S)
Dennis McConnell scores
Diego Ledezma to third
Ryan Flynn to second
Batting: RHB Wilson Durán 0-0: Ball
1-0: Foul Ball, location: 2F
1-1: Grounds into double play, 6-4-3 (Groundball, 6)
Bottom of the 1st over - 1 run(s), 3 hit(s), 0 error(s), 2 left on base; Little Rock 0 - Plumstead 1
TOP OF THE 2ND
Little Rock Lemmiwinks batting - Pitching for Plumstead Eagles : RHP Paul Orr
Batting: LHB Horace Kramer 0-0: Called Strike
0-1: Called Strike
0-2: Ball
1-2: Foul Ball, location: 2F
1-2: Foul Ball, location: 2F
1-2: Foul Ball, location: 2F
1-2: Foul Ball, location: 2F
1-2: Strikes out looking
Batting: RHB Roberto Valdéz 0-0: Ball
1-0: Fly out, F3 (Line Drive, 3)
Batting: LHB Francisco Gonzáles 0-0: Ball
1-0: Foul Ball, location: 2F
1-1: Ground out 3-1 (Groundball, 34S)
Top of the 2nd over - 0 run(s), 0 hit(s), 0 error(s), 0 left on base; Little Rock 0 - Plumstead 1
BOTTOM OF THE 2ND
Plumstead Eagles batting - Pitching for Little Rock Lemmiwinks : RHP Dan Catron
Batting: RHB Carlos Palomón 0-0: Foul Ball, location: 2F
0-1: Foul Ball, location: 2F
0-2: Ball
1-2: Ball
2-2: Strikes out swinging
Batting: RHB Kolomon Meise 0-0: Ball
1-0: Called Strike
1-1: Foul Ball, location: 2F
1-2: Foul Ball, location: 2F
1-2: Ball
2-2: Strikes out swinging
Batting: RHB Edmund Swanson 0-0: Swinging Strike
0-1: Ball
1-1: Called Strike
1-2: Ball
2-2: Ball
3-2: Strikes out swinging
Bottom of the 2nd over - 0 run(s), 0 hit(s), 0 error(s), 0 left on base; Little Rock 0 - Plumstead 1
TOP OF THE 3RD
Little Rock Lemmiwinks batting - Pitching for Plumstead Eagles : RHP Paul Orr
Batting: LHB Lorenzo Féliz 0-0: Ball
1-0: Foul Ball, location: 2F
1-1: Ball
2-1: Foul Ball, location: 2F
2-2: Foul Ball, location: 2F
2-2: Ball
3-2: Foul Ball, location: 2F
3-2: Base on Balls
Batting: RHB Álex Ochoa 0-0: Called Strike
0-1: Foul Ball, location: 2F
0-2: Foul Ball, location: 2F
0-2: Ball
1-2: Foul Ball, location: 2F
1-2: Ball
2-2: Ground out 4-3 (Groundball, 34)
Lorenzo Féliz to second
Batting: RHB Álex Martínez 0-0: Ball
1-0: Fly out, F8 (Flyball, 8RS)
Batting: RHB James Hunter 0-0: Ball
1-0: Ball
2-0: Called Strike
2-1: Ball
3-1: Foul Ball, location: 2F
3-2: Ground out 5-3 (Groundball, 5L)
Top of the 3rd over - 0 run(s), 0 hit(s), 0 error(s), 1 left on base; Little Rock 0 - Plumstead 1
BOTTOM OF THE 3RD
Plumstead Eagles batting - Pitching for Little Rock Lemmiwinks : RHP Dan Catron
Batting: LHB Dennis McConnell 0-0: Called Strike
0-1: Fly out, F7 (Flyball, 7S)
Batting: RHB Diego Ledezma 0-0: Ball
1-0: Ball
2-0: Ball
3-0: Base on Balls
Batting: LHB Roberto Rodríguez 0-0: Called Strike
0-1: Fly out, F9 (Flyball, 89M)
Batting: LHB Ryan Flynn 0-0: Ball
1-0: Foul Ball, location: 2F
1-1: Ball
2-1: Fly out, F9 (Flyball, 9LSF)
Bottom of the 3rd over - 0 run(s), 0 hit(s), 0 error(s), 1 left on base; Little Rock 0 - Plumstead 1
TOP OF THE 4TH
Little Rock Lemmiwinks batting - Pitching for Plumstead Eagles : RHP Paul Orr
Batting: RHB Bill Bourland 0-0: Ball
1-0: Ball
2-0: Foul Ball, location: 2F
2-1: Ball
3-1: Called Strike
3-2: Strikes out swinging
Batting: RHB John Robertson 0-0: Ball
1-0: Called Strike
1-1: Foul Ball, location: 2F
1-2: Foul Ball, location: 2F
1-2: Strikes out looking
Batting: LHB Horace Kramer 0-0: Foul Ball, location: 2F
0-1: Foul Ball, location: 2F
0-2: Ball
1-2: Foul Ball, location: 2F
1-2: Strikes out swinging
Top of the 4th over - 0 run(s), 0 hit(s), 0 error(s), 0 left on base; Little Rock 0 - Plumstead 1
BOTTOM OF THE 4TH
Plumstead Eagles batting - Pitching for Little Rock Lemmiwinks : RHP Dan Catron
Batting: RHB Rob Brady 0-0: Called Strike
0-1: Ball
1-1: Called Strike
1-2: Ball
2-2: Foul Ball, location: 2F
2-2: Foul Ball, location: 2F
2-2: Strikes out looking
Batting: RHB Wilson Durán 0-0: Foul Ball, location: 2F
0-1: Called Strike
0-2: Foul Ball, location: 2F
0-2: Ball
1-2: Ground out 6-3 (Groundball, 6)
Batting: RHB Carlos Palomón 0-0: Called Strike
0-1: Ball
1-1: Fly out, F9 (Flyball, 9)
Bottom of the 4th over - 0 run(s), 0 hit(s), 0 error(s), 0 left on base; Little Rock 0 - Plumstead 1
TOP OF THE 5TH
Little Rock Lemmiwinks batting - Pitching for Plumstead Eagles : RHP Paul Orr
Batting: RHB Roberto Valdéz 0-0: Fly out, F7 (Flyball, 7)
Batting: LHB Francisco Gonzáles 0-0: Ball
1-0: Fly out, F9 (Flyball, 9LM)
Batting: LHB Lorenzo Féliz 0-0: Ball
1-0: Ball
2-0: SINGLE (Groundball, 34D)
Batting: RHB Álex Ochoa 0-0: Called Strike
0-1: Foul Ball, location: 2F
0-2: Ball
1-2: Strikes out looking
Top of the 5th over - 0 run(s), 1 hit(s), 0 error(s), 1 left on base; Little Rock 0 - Plumstead 1
BOTTOM OF THE 5TH
Plumstead Eagles batting - Pitching for Little Rock Lemmiwinks : RHP Dan Catron
Batting: RHB Kolomon Meise 0-0: Ball
1-0: Swinging Strike
1-1: Ball
2-1: Called Strike
2-2: Fly out, F7 (Line Drive, 78D)
Batting: RHB Edmund Swanson 0-0: Ball
1-0: Foul Ball, location: 2F
1-1: Ball
2-1: Fly out, F3 (Popup, 3L)
Batting: LHB Dennis McConnell 0-0: Ball
1-0: Ball
2-0: Ball
3-0: Called Strike
3-1: Foul Ball, location: 2F
3-2: Base on Balls
Batting: RHB Diego Ledezma 0-0: Ball
1-0: Called Strike
1-1: Called Strike
1-2: Strikes out looking
Bottom of the 5th over - 0 run(s), 0 hit(s), 0 error(s), 1 left on base; Little Rock 0 - Plumstead 1
TOP OF THE 6TH
Little Rock Lemmiwinks batting - Pitching for Plumstead Eagles : RHP Paul Orr
Batting: RHB Álex Martínez 0-0: DOUBLE (Line Drive, 89D)
Pitching: RHP Archie King
Batting: RHB James Hunter 0-0: Ball
1-0: Ball
2-0: Ball
3-0: Called Strike
3-1: Base on Balls
Batting: RHB Bill Bourland 0-0: Ball
1-0: Ball
2-0: Foul Ball, location: 2F
2-1: Foul Ball, location: 2F
2-2: Ball
3-2: Ground out 6-3 (Groundball, 56D)
Álex Martínez to third
James Hunter to second
Batting: RHB John Robertson 0-0: Called Strike
0-1: Called Strike
0-2: Ball
1-2: Strikes out swinging
Batting: LHB Horace Kramer 0-0: Ball
1-0: Called Strike
1-1: Ball
2-1: Ball
3-1: Foul Ball, location: 2F
3-2: Foul Ball, location: 2F
3-2: Base on Balls
Batting: RHB Roberto Valdéz 0-0: Called Strike
0-1: Swinging Strike
0-2: Ball
1-2: Strikes out swinging
Top of the 6th over - 0 run(s), 1 hit(s), 0 error(s), 3 left on base; Little Rock 0 - Plumstead 1
BOTTOM OF THE 6TH
Plumstead Eagles batting - Pitching for Little Rock Lemmiwinks : RHP Dan Catron
Pitching: RHP Ricardo Alonso
Batting: LHB Roberto Rodríguez 0-0: Ball
1-0: Called Strike
1-1: Foul Ball, location: 2F
1-2: Fly out, F9 (Flyball, 9LMF)
Batting: LHB Ryan Flynn 0-0: Fly out, F9 (Flyball, 9LD)
Batting: RHB Rob Brady 0-0: Foul Ball, location: 2F
0-1: Ball
1-1: SINGLE (Groundball, 6MD)
Batting: RHB Wilson Durán 0-0: Swinging Strike
0-1: Foul Ball, location: 2F
0-2: Ball
1-2: Ball
2-2: Foul Ball, location: 2F
2-2: Ball
Wild Pitch!
Rob Brady to second
3-2: Base on Balls
Batting: RHB Carlos Palomón 0-0: Ball
1-0: Foul Ball, location: 2F
1-1: Ball
2-1: Called Strike
2-2: Ball
3-2: Base on Balls
Rob Brady to third
Wilson Durán to second
Batting: RHB Kolomon Meise 0-0: Ball
1-0: Ball
2-0: Swinging Strike
2-1: SINGLE (Line Drive, 7LM)
Rob Brady scores
Wilson Durán to third
Carlos Palomón to second
Batting: RHB Edmund Swanson 0-0: Fielders Choice at 2nd, 5-4 (Groundball, 56)
Bottom of the 6th over - 1 run(s), 2 hit(s), 0 error(s), 2 left on base; Little Rock 0 - Plumstead 2
TOP OF THE 7TH
Little Rock Lemmiwinks batting - Pitching for Plumstead Eagles : RHP Archie King
Batting: LHB Francisco Gonzáles 0-0: Called Strike
0-1: Ball
1-1: Swinging Strike
1-2: Ball
2-2: Strikes out looking
Batting: LHB Lorenzo Féliz 0-0: Called Strike
0-1: Ball
1-1: Ball
2-1: Ball
3-1: Swinging Strike
3-2: Strikes out looking
Batting: RHB Álex Ochoa 0-0: Ball
1-0: Fly out, F4 (Popup, 4D)
Top of the 7th over - 0 run(s), 0 hit(s), 0 error(s), 0 left on base; Little Rock 0 - Plumstead 2
BOTTOM OF THE 7TH
Plumstead Eagles batting - Pitching for Little Rock Lemmiwinks : RHP Ricardo Alonso
Batting: LHB Dennis McConnell 0-0: Foul Ball, location: 2F
0-1: Ball
1-1: Ground out 6-3 (Groundball, 6)
Batting: RHB Diego Ledezma 0-0: Foul Ball, location: 2F
0-1: Ball
1-1: Called Strike
1-2: Strikes out looking
Batting: LHB Roberto Rodríguez 0-0: Swinging Strike
0-1: Ground out 3-1 (Groundball, 34S)
Bottom of the 7th over - 0 run(s), 0 hit(s), 0 error(s), 0 left on base; Little Rock 0 - Plumstead 2
TOP OF THE 8TH
Little Rock Lemmiwinks batting - Pitching for Plumstead Eagles : RHP Archie King
Batting: RHB Álex Martínez 0-0: Foul Ball, location: 2F
0-1: Ball
1-1: Fly out, F7 (Flyball, 7)
Batting: RHB James Hunter 0-0: Foul Ball, location: 2F
0-1: Foul Ball, location: 2F
0-2: Strikes out swinging
Batting: RHB Bill Bourland 0-0: Ball
1-0: Ball
2-0: Ball
3-0: Base on Balls
Pitching: RHP Millard Manning
Batting: RHB John Robertson 0-0: Swinging Strike
0-1: Called Strike
0-2: Ball
1-2: Ball
2-2: Fly out, F5 (Popup, 5L)
Top of the 8th over - 0 run(s), 0 hit(s), 0 error(s), 1 left on base; Little Rock 0 - Plumstead 2
BOTTOM OF THE 8TH
Plumstead Eagles batting - Pitching for Little Rock Lemmiwinks : RHP Ricardo Alonso
Batting: LHB Ryan Flynn 0-0: Ball
1-0: Called Strike
1-1: Ball
2-1: Ball
3-1: Foul Ball, location: 2F
3-2: Base on Balls
Batting: RHB Rob Brady 0-0: Swinging Strike
0-1: Called Strike
0-2: Ball
1-2: Foul Ball, location: 2F
1-2: Ball
2-2: Ball
3-2: Ground out 1-3 (Groundball, P)
Ryan Flynn to second
Batting: RHB Wilson Durán 0-0: Ball
1-0: Ball
2-0: Called Strike
2-1: Foul Ball, location: 2F
2-2: Ball
3-2: Fly out, F5 (Popup, 5L)
Pitching: RHP Charles Palmeiro
Batting: RHB Carlos Palomón 0-0: Foul Ball, location: 2F
0-1: Ground out 4-3 (Groundball, 4MS)
Bottom of the 8th over - 0 run(s), 0 hit(s), 0 error(s), 1 left on base; Little Rock 0 - Plumstead 2
TOP OF THE 9TH
Little Rock Lemmiwinks batting - Pitching for Plumstead Eagles : RHP Millard Manning
Pitching: RHP Jesús Manuel
Batting: LHB Horace Kramer 0-0: Ball
1-0: Ball
2-0: Called Strike
2-1: Called Strike
2-2: Ground out 4-3 (Groundball, 4)
Batting: RHB Roberto Valdéz 0-0: Called Strike
0-1: Ball
1-1: Ball
2-1: Hit by Pitch
Pinch Hitting: SHB Darrel Lang 0-0: Foul Ball, location: 2F
0-1: Fly out, F3 (Popup, 3L)
Batting: LHB Lorenzo Féliz 0-0: Ball
1-0: SINGLE (Groundball, 34D)
Roberto Valdéz to second
Pinch Hitting: RHB Ánibal Soto 0-0: Foul Ball, location: 2F
0-1: Fielders Choice at 2nd, 4-6 (Groundball, 4)
Top of the 9th over - 0 run(s), 1 hit(s), 0 error(s), 1 left on base; Little Rock 0 - Plumstead 2
Tuesday, August 8th, 2017 - OOTP Baseball 17.12 Build 75